 Dungeon Crawl Stone Soup version 0.24.1 (webtiles) character file.

Game seed: 16377135600900784326, levelgen mode: deterministic

92 BreadTh the Ruffian (level 4, -7/45 HPs)
             Began as a Troll Monk on Mar 30, 2020.
             Mangled by Sigmund
             ... wielding a +1 scythe of venom
              (12 damage)
             ... on level 3 of the Dungeon.
             The game lasted 00:04:40 (1505 turns).

BreadTh the Ruffian (Troll Monk)                    Turns: 1505, Time: 00:04:41

Health: -7/45      AC:  6    Str: 19    XL:     4   Next: 35%
Magic:  3/3        EV: 11    Int:  6    God:
Gold:   53         SH:  0    Dex: 13    Spells: 3/3 levels left

rFire    . . .     SeeInvis .     - Unarmed
rCold    . . .     Gourm    +   (no shield)
rNeg     . . .     Faith    .   a - +0 robe
rPois    .         Spirit   .   (helmet restricted)
rElec    .         Reflect  .   (no cloak)
rCorr    .         Harm     .   (gloves unavailable)
MR       .....                  (boots unavailable)
Stlth    ++........             (no amulet)
HPRegen  0.55/turn              (no ring)
MPRegen  0.08/turn              (no ring)

@: lethally poisoned (-7 -> -10)
A: large, unfitting armour, claws 3, fast metabolism 3, gourmand, regeneration
1, shaggy fur 1, tough skin 3
a: no special abilities


You were on level 3 of the Dungeon.
You were completely stuffed.

You visited 1 branch of the dungeon, and saw 3 of its levels.

You collected 53 gold pieces.

Inventory:

Hand Weapons
 e - a +0 club
Missiles
 h - 44 bolts
 l - 8 boomerangs (quivered)
Armour
 a - a +0 robe (worn)
Jewellery
 m - an uncursed ring of poison resistance {unknown}
Scrolls
 c - a scroll of noise {unknown}
 d - a scroll of fog {unknown}
 g - 4 scrolls of enchant weapon {unknown}
 j - 3 scrolls of identify {unknown}
 n - a scroll of enchant armour {unknown}
Potions
 f - 2 potions of curing {unknown}
 k - 2 potions of heal wounds {unknown}
Comestibles
 b - 2 rations


   Skills:
 - Level 3.0 Fighting
 - Level 3.0 Dodging
 - Level 1.0 Stealth
 * Level 4.3 Unarmed Combat


You had 3 spell levels left.
You didn't know any spells.
Your spell library was empty.

Dungeon Overview and Level Annotations

Branches:
Dungeon (3/15)

Altars:

Annotations:
D:3 Sigmund


Innate Abilities, Weirdness & Mutations

You are too large for most types of armour.
You have claws for hands.
Your metabolism is lightning-fast.
You like to eat raw meat.
Your natural rate of healing is unusually fast.
You are covered in fur. (AC +1)
You have extremely tough skin. (AC +3)


Message History

You barely miss something. Something hits you!
You closely miss something.
You hear some strange, mumbled words.
Something tries to affect you, but you resist.
You closely miss something. Something barely misses you.
You barely miss something. You scratch something but do no damage.
Something hits you.
You closely miss something. Something hits you!
* * * LOW HITPOINT WARNING * * *
You are poisoned.
You closely miss something.
You feel sick.
You miss something.
You feel sick.
You hear some strange, mumbled words.
Something tries to affect you, but you resist.
You miss something.
You feel sick. Something hits you.
* * * LOW HITPOINT WARNING * * *
You are more poisoned.
You barely miss something.
You feel sick.
You claw something!
You feel sick. Something hits you!
You die...

##.###.# #... #.#
#.# #..###.# #.# #.#
#..... #.#
#.######..###.##.
#.#
#.....(..........
#.###########.###.##
#.....# #.# #####{##
#.###.##.
#@..######.<......
#.................
#).<##############
#####


There were no monsters in sight!

Vanquished Creatures
  3 adders (D:2)
  2 worms (D:2)
  A dart slug (D:1)
  4 leopard geckos
  2 ball pythons (D:2)
  A giant cockroach (D:1)
  6 goblins
  6 hobgoblins
  4 jackals (D:1)
  7 bats
  6 frilled lizards
  5 kobolds
  6 rats
53 creatures vanquished.

Notes
Turn   | Place    | Note
-------+----------+-------------------------------------------
     0 | D:1      | BreadTh the Troll Monk began the quest for the Orb.
     0 | D:1      | Reached XP level 1. HP: 22/22 MP: 0/0
   105 | D:1      | Reached XP level 2. HP: 28/29 MP: 1/1
   762 | D:2      | Reached XP level 3. HP: 32/36 MP: 2/2
   890 | D:2      | Reached skill level 4 in Unarmed Combat
  1055 | D:2      | Reached XP level 4. HP: 42/44 MP: 3/3
  1470 | D:3      | Noticed Sigmund
  1505 | D:3      | Mangled by Sigmund

Levels and vault maps discovered:
D:1:      minmay_arrival_nine_rooms, layout_loops_ring
D:2:      layout_loops_ring
D:3:      layout_loops_ring, overflow_temple_1_default,
          grunt_dithmenos_smoke_and_mirrors, hellmonk_ghost_happy_afterlife,
          first_ration, minmay_misc_feat_iff, kennysheep_nondescript,
          uniq_grinder, uniq_sigmund

Skill      XL: |  1  2  3  4 |
---------------+-------------+-----
Unarmed Combat | 4 |  4.3
Dodging        | 3 |  3.0
Fighting       | 3 |  3.0
Stealth        | |  1.0

Action                   |  1- 3 |  4- 6 || total
-------------------------+-------+-------++-------
Melee: Unarmed           |   105 |    46 ||   151
       Punch             |     1 |       ||     1
 Stab: Sleeping          |     3 |     2 ||     5
  Eat: Chunk             |    15 |     4 ||    19
Armor: Robe              |    43 |     5 ||    48
Dodge: Dodged            |    67 |    13 ||    80
